 Dungeon Crawl Stone Soup version 0.32-a0-411-g744942f433 (webtiles) character file.

Game seed: 6607048416864560567

2253 retardedninja the Chopper (level 9, -8/79 HPs)
             Began as a Mountain Dwarf Fighter on Feb 16, 2024.
             Was a Follower of Cheibriados.
             Mangled by a wight
             ... wielding a +0 scimitar
              (9 damage)
             ... on level 6 of the Dungeon on Feb 20, 2024.
             The game lasted 00:12:52 (7789 turns).

retardedninja the Chopper (Mountain Dwarf Fighter)  Turns: 7789, Time: 00:12:53

Health: -8/79      AC:  9    Str: 26    XL:     9   Next: 15%
Magic:  9/9        EV:  9    Int: 18    God:    Cheibriados [*.....]
Gold:   168        SH:  5    Dex: 12    Spells: 8/8 levels left

rFire   . . .        a - +0 war axe (spect)
rCold   . . .        c - +0 buckler
rNeg    . . .        b - +0 scale mail
rPois   .            (no helmet)
rElec   .            (no cloak)
rCorr   .            q - +0 pair of gloves
SInv    .            (no boots)
Will    .....        (no amulet) Stlth
                     p - +6 ring of intelligence
HPRegen 0.33/turn    (no ring)
MPRegen 0.11/turn

%: no passive effects
@: mighty, very slow
A: runic magic, artefact enchanting
a: Renounce Religion, Bend Time


You were on level 6 of the Dungeon.
You worshipped Cheibriados.
Cheibriados was aware of your devotion.
You visited 2 branches of the dungeon, and saw 7 of its levels.
You also visited: Sewer.

You collected 168 gold pieces.

Inventory:

Hand Weapons
 a - a +0 spectral war axe (weapon)
Armour
 b - a +0 scale mail (worn)
 c - a +0 buckler (worn)
 q - a +0 pair of gloves (worn)
Jewellery
 p - a +6 ring of intelligence (left hand)
 r - an amulet of faith
Wands
 j - a wand of flame (13)
Scrolls
 e - a scroll of revelation {unknown}
 g - a scroll of immolation {unknown}
 h - a scroll of amnesia {unknown}
 k - a scroll of enchant weapon {unknown}
 l - 3 scrolls of teleportation {unknown}
 m - a scroll of fog {unknown}
 n - 2 scrolls of torment {unknown}
 o - 3 scrolls of enchant armour
 s - a scroll of acquirement {unknown}
 v - 2 scrolls of poison {unknown}
 y - a scroll of noise {unknown}
Potions
 d - a potion of mutation {unknown}
 f - 5 potions of magic
 i - 2 potions of invisibility {unknown}
 t - a potion of cancellation
 u - a potion of enlightenment
 x - 2 potions of curing {unknown}
 z - 2 potions of lignification {unknown}
 A - a potion of haste {unknown}


   Skills:
 + Level 7.5 Fighting
 + Level 7.6 Axes
 + Level 7.4 Armour
 + Level 7.4 Shields


You had 8 spell levels left.
You didn't know any spells.
Your spell library contained the following spells:

 Spells                   Type           Power      Damage    Failure   Level
 Ensorcelled Hibernation  Hex/Ice        0%         N/A       41%         2
 Dazzling Flash           Conj/Hex       0%         N/A       65%         3
 Fugue of the Fallen      Necr           0%         N/A       65%         3
 Gell's Gravitas          Tloc           0%         N/A       65%         3
 Mephitic Cloud           Conj/Alch/Air  0%         N/A       65%         3
 Teleport Other           Tloc           0%         N/A       65%         3
 Tukima's Dance           Hex            0%         N/A       65%         3
 Anguish                  Hex/Necr       0%         N/A       96%         4
 Passage of Golubria      Tloc           0%         N/A       96%         4
 Curse of Agony           Necr           0%         N/A       100%        5
 Silence                  Hex/Air        0%         N/A       100%        5
 Summon Forest            Summ/Tloc      0%         N/A       100%        5
 Summon Mana Viper        Hex/Summ       0%         N/A       100%        5
 Yara's Violent Unravell  Hex/Alch       0%         3d3       100%        5
 Dispersal                Tloc           0%         N/A       100%        6
 Summon Cactus Giant      Summ           0%         N/A       100%        6


Dungeon Overview and Level Annotations

Branches:
Dungeon (6/15)             Temple (1/1) D:4           Sewer (visited)

Altars:
Ashenzari
Cheibriados
Dithmenos
Elyvilon
Fedhas
Gozag
Hepliaklqana
Kikubaaqudgha
Makhleb
Nemelex Xobeh
Ru
Sif Muna
Trog
Uskayaw
Vehumet
Zin
The Shining One


Innate Abilities, Weirdness & Mutations

Your spellcasting is much less encumbered by armour.
You can use scrolls of enchantment on lesser artefacts.


Message History

You slash the ice beast!
The ice beast is severely wounded.
Your +0 spectral war axe closely misses the ice beast.
You block the ice beast's attack.
You barely miss the ice beast.
The ice beast is severely wounded.
Your +0 spectral war axe closely misses the ice beast.
The ice beast hits you but does no damage.
You hit the ice beast but do no damage.
The ice beast is severely wounded.
Your +0 spectral war axe hits the ice beast!
You kill the ice beast!
Cheibriados appreciates the change of pace.
You swap places.
Your +0 spectral war axe disappears.
Things that are here:
a +1 halberd; a +0 robe A wight and an ogre come into view.
You see here 12 gold pieces.
You block the wight's attack.
You closely miss the wight.
Your +0 spectral war axe hits the wight but does no damage.
Your +0 spectral war axe hits the ogre but does no damage.
You block the wight's attack.
The ogre hits your +0 spectral war axe with a +0 giant spiked club!
Your spectral weapon shares its damage with you!
* * * LOW HITPOINT WARNING * * *
You feel very mighty all of a sudden.
Your +0 spectral war axe disappears.
The wight closely misses you.
You closely miss the wight.
Your +0 spectral war axe hits the wight.
Your +0 spectral war axe hits the ogre!
The ogre hits your +0 spectral war axe with a +0 giant spiked club!!
Your spectral weapon shares its damage with you!
Your +0 spectral war axe disappears.
* * * LOW HITPOINT WARNING * * *
The wight hits you with a +0 scimitar!
You die...
Cheibriados appreciates the motionlessness of death.

...# #..#####.#...
#### #..##.)......
########..))....#.#.
.รท..........).......
.........###.#.#..#.
.######..# #.#.#..##
.# #..# #.#.#...
.######..###.#.#z#
......)....#..)$@#
#####...##.###O###
...........# #.#
..###.##.### O..
#.....# ... .....
####..# #####....#
##.## #....+ #..#
#.$..# #..###


You could see an ogre and a wight.

Vanquished Creatures
  Menkaure (D:4)
  Edmund (D:5)
  Duvessa (D:5)
  2 ice beasts
  A black bear (D:6)
  An ogre (D:4)
  3 phantoms
  2 bullfrogs (Sewer)
  A scorpion (D:5)
  2 water moccasin zombies (D:5)
  4 wights (D:6)
  Dowan (D:5)
  A bullfrog zombie (D:5)
  2 hounds (D:4)
  2 jellies
  2 bullfrog skeletons (D:5)
  A human zombie (D:5)
  An orc priest (D:5)
  A centaur skeleton (D:5)
  Jessica (D:3)
  2 iguanas
  A hound skeleton (D:5)
  18 adders
  2 river rats (Sewer)
  A shadow imp (D:5)
  An adder skeleton (D:5)
  A dart slug (D:3)
  2 ribbon worms
  13 orcs
  14 ball pythons
  3 bats
  3 endoplasms
  4 giant cockroaches
  3 goblins
  6 hobgoblins
  8 kobolds
  6 quokkas
  2 frilled lizards
  28 rats
149 creatures vanquished.

Vanquished Creatures (others)
  A spectral weapon (D:6)
1 creature vanquished.

Grand Total: 150 creatures vanquished

Notes
Turn   | Place    | Note
-------+----------+-------------------------------------------
     0 | D:1      | retardedninja the Mountain Dwarf Fighter began the quest
                  | for the Orb.
     0 | D:1      | Reached XP level 1. HP: 19/19 MP: 1/1
   232 | D:1      | Reached XP level 2. HP: 26/26 MP: 2/2
  1100 | D:2      | Reached XP level 3. HP: 33/33 MP: 3/3
  1330 | D:2      | Found a faded altar of an unknown god.
  1415 | D:2      | Reached XP level 4. HP: 34/40 MP: 4/4
  1762 | D:3      | Noticed Jessica
  1764 | D:3      | Killed Jessica
  1881 | D:3      | Found a hide-covered altar of Uskayaw.
  2156 | D:3      | Found a hazy altar of Hepliaklqana.
  2229 | D:3      | Found a glowing drain.
  2253 | Sewer    | Entered a sewer
  2273 | Sewer    | Reached XP level 5. HP: 40/46 MP: 5/5
  2948 | Sewer    | Reached XP level 6. HP: 19/55 MP: 6/6
  2953 | Sewer    | Reached skill level 5 in Fighting
  3309 | D:3      | Reached skill level 5 in Shields
  3459 | D:4      | Reached skill level 5 in Armour
  3459 | D:4      | Found a staircase to the Ecumenical Temple.
  3495 | Temple   | Entered the Ecumenical Temple
  3556 | D:4      | Found a sparkling altar of Nemelex Xobeh.
  3612 | D:4      | Found a white marble altar of Elyvilon.
  3780 | D:4      | Reached XP level 7. HP: 58/61 MP: 7/7
  3839 | D:4      | Found an opulent altar of Gozag.
  3845 | D:4      | Reached skill level 5 in Axes
  3994 | D:4      | Found a blossoming altar of Fedhas.
  3995 | D:4      | Found a snail-covered altar of Cheibriados.
  4114 | D:4      | Became a worshipper of Cheibriados the Contemplative
  4211 | D:4      | Noticed Menkaure
  4226 | D:4      | Killed Menkaure
  4491 | D:4      | Upgraded the game from 0.32-a0-329-ge6c31236d6 to
                  | 0.32-a0-411-g744942f433
  4544 | D:5      | Entered Level 5 of the Dungeon
  4621 | D:5      | Found a bloodstained altar of Trog.
  4624 | D:5      | Noticed Duvessa
  4624 | D:5      | Noticed Dowan
  4635 | D:5      | Killed Duvessa
  4638 | D:5      | Found a shadowy altar of Dithmenos.
  4642 | D:5      | Killed Dowan
  4905 | D:5      | Found a sacrificial altar of Ru.
  4960 | D:5      | Reached XP level 8. HP: 66/70 MP: 8/8
  5866 | D:5      | Noticed Edmund
  5903 | D:5      | Killed Edmund
  7019 | D:5      | Reached * piety under Cheibriados
  7021 | D:5      | Found an ancient bone altar of Kikubaaqudgha.
  7698 | D:6      | HP: 2/69 [wight/+0 hand axe (2)]
  7702 | D:6      | Reached XP level 9. HP: 2/77 MP: 9/9
  7789 | D:6      | HP: 1/79 [ogre/+0 giant spiked club (13)]
  7789 | D:6      | Mangled by a wight

Illustrated notes

Levels and vault maps discovered:
D:1:      lightli_molten_gateway, layout_basic, dk_noncrumbling_4, minivault_11,
          amcnicky_mini_corridor_feature
D:2:      layout_basic, basic_ecumenical_altar
D:3:      layout_loops_ring, overflow_temple_1_default,
          nicolae_hepliaklqana_hippocampus, portal_sewer_entry_c, uniq_jessica
D:4:      layout_loops_ring, nemelex_xobeh_ov_fountains_minmay,
          mainiacjoe_overflow_alcove_2, gammafunk_temple_overflow_pools,
          elyvilon_altar_3, minmay_temple_entry_ruins, palyth_stone_intersect,
          uniq_menkaure
D:5:      layout_loops_corners, mainiacjoe_overflow_paths,
          lemuel_mausoleum_altar_kikubaaqudgha, minitemple, uniq_edmund,
          uniq_duvessa
D:6:      layout_basic, led_xom_imps
Temple:   hellmonk_temple_rainy

Skill      XL: |  1  2  3  4  5  6  7  8 |
---------------+-------------------------+-----
Axes           | 3 4 6 7 |  7.6
Fighting       | 4 5 6 7 |  7.5
Armour         | 4 5 6 7 |  7.4
Shields        | 4 5 6 7 |  7.4

Action                     |  1- 3 |  4- 6 |  7- 9 || total
---------------------------+-------+-------+-------++-------
  Melee: War axe           |    81 |   160 |   194 ||   435
  Evoke: Wand              |       |    10 |       ||    10
    Use: Potion            |       |     1 |     6 ||     7
         Scroll            |       |     7 |     1 ||     8
   Stab: Distracted        |       |     1 |     1 ||     2
 Armour: Scale mail        |    59 |   224 |   145 ||   428
  Dodge: Dodged            |    54 |   122 |    80 ||   256
  Block: Buckler           |    25 |    79 |    48 ||   152

Table legend: (Time is in decaauts)
 A = Elapsed time spent in this place.
 B = Non-inter-level travel time spent in this place.
 C = Inter-level travel time spent in this place.
 D = Time resting spent in this place.
 E = Time spent auto-exploring this place.
 F = Levels seen in this place.
 G = Mean time per level.
                   A        B        C        D        E       F      G
               +--------+--------+--------+--------+--------+-----+--------+
         Total |   8435 |   8114 |    321 |   2333 |   4591 |   8 | 1054.4 |
       Dungeon |   7352 |   7031 |    321 |   1710 |   4314 |   6 | 1225.3 |
        Temple |     25 |     25 |      0 |      0 |      0 |   1 |   25.0 |
         Sewer |   1057 |   1057 |      0 |    623 |    276 |   1 | 1057.0 |
               +--------+--------+--------+--------+--------+-----+--------+

Top non-repeatable levels by time:
     D:5: 2500 daAuts
     D:4: 1711 daAuts
     D:1: 1105 daAuts
   Sewer: 1057 daAuts
     D:3: 697 daAuts
     D:2: 694 daAuts
     D:6: 644 daAuts
  Temple: 25 daAuts
